 Dungeon Crawl Stone Soup version 0.19-a0-414-g76fec5b (webtiles) character file.

38 Duffy the Chopper (level 3, 0/23 HPs)
             Began as a Gargoyle Fighter on May 31, 2016.
             Slain by Robin
             ... wielding a +0 whip
              (3 damage)
             ... on level 3 of the Dungeon.
             The game lasted 00:01:00 (554 turns).

Duffy the Chopper (Gargoyle Fighter)                 Turns: 554, Time: 00:01:01

Health: 0/23       AC:  0    Str: 20    XL:     3   Next: 43%
Magic:  3/3        EV: 13    Int:  8    God:
Gold:   8          SH:  0    Dex:  9    Spells: 0 memorised, 2 levels left

rFire  . . .     SeeInvis .     (weapon currently unavailable)
rCold  . . .     Gourm    .     (armour currently unavailable)
rNeg   + . .     Faith    .     (shield currently unavailable)
rPois  ∞         Spirit   .     (helmet currently unavailable)
rElec  .         Dismiss  .     (cloak currently unavailable)
rCorr  .         Reflect  .     (gloves currently unavailable)
SustAt .         Harm     .     (boots currently unavailable)
MR     .....                    (no amulet)
Stlth  +.........               (ring currently unavailable)
                                (ring currently unavailable)

@: pig-form, very quick, not resistant to hostile enchantments, very unstealthy
A: negative energy resistance 1, (electricity resistance), (unbreathing),
petrification resistance, rot immunity, AC +3
a: no special abilities


You were on level 3 of the Dungeon.
You were not hungry.
You were a filthy swine.
You visited 1 branch of the dungeon, and saw 3 of its levels.

You collected 8 gold pieces.


Innate Abilities, Weirdness & Mutations

You are resistant to torment.
((Your stone body is resilient (AC +3).))
You are immune to poison.
You resist negative energy. (rN+)
((You are resistant to electric shocks. (rElec)))
((You can survive without breathing.))
You are immune to petrification.
You are immune to rotting.


   Skills:
 - Level 3.2 Fighting
 + Level 3.3 Axes
 - Level 3.2 Armour
 - Level 3.2 Shields


You had 2 spell levels left.
You didn't know any spells.

Inventory:

Hand Weapons
 a - a +0 war axe (melded)
Armour
 b - a +0 scale mail (melded)
 c - a +0 shield (melded)
Scrolls
 e - a scroll of blinking {unknown}
 g - a scroll of teleportation {unknown}
 h - a scroll of fog {unknown}
 j - a scroll of remove curse {unknown}
Potions
 d - a potion of might
 i - a potion of curing {unknown}
Comestibles
 f - 2 bread rations

Dungeon Overview and Level Annotations

Branches:
Dungeon (3/15)

Altars:

Annotations:
D:3 Robin


Message History

Your +0 scale mail melds into your body.
It is a wand of polymorph.
Robin hits you with a whip.
You hit Robin but do no damage.
Robin is heavily wounded.
Robin hits you with a whip.
You are too injured to fight recklessly!
You are too injured to fight recklessly!
You are too injured to fight recklessly!
You are too injured to fight recklessly!
You are too injured to fight recklessly!
You are too injured to fight recklessly!
You are too injured to fight recklessly!
You are too injured to fight recklessly!
You are too injured to fight recklessly!
You are too injured to fight recklessly!
You are too injured to fight recklessly!
You are too injured to fight recklessly!
You are too injured to fight recklessly!
You are too injured to fight recklessly!
You are too injured to fight recklessly!
You are too injured to fight recklessly!
You are too injured to fight recklessly!
You are too injured to fight recklessly!
You are too injured to fight recklessly!
You are too injured to fight recklessly!
You are too injured to fight recklessly!
You are too injured to fight recklessly!
You are too injured to fight recklessly!
You are too injured to fight recklessly!
You are too injured to fight recklessly!
You hit Robin but do no damage.
Robin is heavily wounded.
The hobgoblin no longer looks unusually strong.
Robin hits you but does no damage.
You hit Robin but do no damage.
Robin is heavily wounded.
Robin zaps a wand.
You resist with significant effort.
You closely miss Robin.
Robin is heavily wounded.
The hobgoblin no longer looks unusually strong.
Robin misses you.
You hit Robin.
Robin is severely wounded.
Robin roars a battlecry!
The hobgoblins go into a battle-frenzy!
Robin barely misses you.
You hit Robin but do no damage.
Robin is severely wounded.
Robin hits you with a whip.
You die... g. .g ##g ..g #.### ..g. #####g## +)hggg.+

#####K##
#.# #.#
#<# #.#
#.# #K#
#.#


You could see Robin, 3 hobgoblins and a kobold.

Action                   || total
-------------------------++-------
Melee: War axe           ||    55
       Unarmed           ||     6
Armor: Scale mail        ||    50
Dodge: Dodged            ||    20
Block: Shield            ||    38

Notes
Turn   | Place    | Note
--------------------------------------------------------------
     0 | D:1      | Duffy the Gargoyle Fighter began the quest for the Orb.
     0 | D:1      | Reached XP level 1. HP: 14/14 MP: 1/1
    16 | D:1      | Reached skill level 2 in Axes
    76 | D:1      | Reached XP level 2. HP: 7/19 MP: 2/2
   433 | D:2      | Reached skill level 3 in Axes
   476 | D:2      | Reached XP level 3. HP: 23/23 MP: 3/3
   534 | D:3      | Noticed Robin
   554 | D:3      | Slain by Robin

Skill      XL: |  1  2 |
---------------+-------+-----
Axes           | 2 3 |  3.3
Fighting       | |  3.2
Armour         | |  3.2
Shields        | |  3.2

Vault maps used:
D:1:      erik_arrival_triangle_small, st_stairs_2, minivault_26
D:2:      forest_paths, first_bread, grunt_ministairs_5, nrook_uturn
D:3:      uniq_robin

Vanquished Creatures
  An adder
  A worm
  A dart slug
  A giant gecko
  A giant cockroach
  5 goblins
  5 hobgoblins
  3 bats
  2 giant newts
  A kobold
  A rat
22 creatures vanquished.
